AoeStats
← El_Barto

Arabia

510327391Analyzed
1v1 RM · 3d ago on Sep 30, 2026· 77m 50s· 2 players
Game mode
Random Map
Map size
Tiny (2 player)
Population
200
Speed
Normal
Resources
Standard
Victory
Conquest
Starting age
Dark Age
Ending age
Imperial Age
RankedLock teamsTeams togetherTeam positionsShared explorationLock speedFull tech treeHidden civsTurbo modeCheats
Victory
Defeat
🇩🇪 Saxons · Germany
1041
+15
🇵🇪 Maya · Peru
1012
-15
El_Barto
0:32 Loom
10:05 Feudal Age
10:48 Double-Bit Axe
12:36 Town Watch
15:12 Fletching
23:51 Castle Age
22:09 Gold Mining
24:17 Padded Archer Armor
24:10 Crossbowman
25:42 Wheelbarrow
25:07 Eagle Warrior
25:41 Stone Mining
27:59 Forging
27:52 Scale Mail Armor
30:47 Chain Mail Armor
30:24 Horse Collar
32:31 Squires
33:04 Bow Saw
35:48 Iron Casting
35:10 Bodkin Arrow
41:08 Imperial Age
39:09 Arson
43:20 Plate Mail Armor
43:56 Blast Furnace
44:07 Arbalester
44:53 Thumb Ring
45:42 Bracer
47:18 Conscription
48:45 Leather Archer Armor
49:15 Ballistics
49:56 Chemistry
51:21 Capped Ram
60:59 Siege Ram
66:19 Elite Eagle Warrior
73:35 Pikeman
tatze
5:51 Loom
9:01 Feudal Age
9:36 Double-Bit Axe
13:12 Town Watch
16:11 Horse Collar
18:09 Wheelbarrow
21:53 Castle Age
23:14 Fletching
23:25 Scale Mail Armor
24:02 Arson
31:52 Scale Mail Armor
35:34 Bow Saw
38:28 Imperial Age
37:23 Chain Mail Armor
37:07 Bodkin Arrow
37:08 Man-at-Arms
37:51 Town Patrol
38:07 Hand Cart
37:39 Clerical Recruitment
37:50 Long Swordsman
39:27 Squires
40:01 Two-Handed Swordsman
40:49 Squires
40:35 Gambesons
41:07 Bracer
41:30 Ballistics
41:21 Fortified Wall
41:22 Town Patrol
41:44 Squires
42:19 Siege Engineers
44:58 Plate Mail Armor
44:39 Forging
45:54 Masonry
45:39 Murder Holes
46:46 Chemistry
45:32 Arrowslits
45:43 Champion
47:13 Iron Casting
46:39 Padded Archer Armor
52:37 Onager
52:48 Elite Skirmisher
54:56 Bloodlines
54:07 Light Cavalry
54:48 Husbandry
54:13 Elite Skirmisher
56:55 Thumb Ring
56:33 Hussar
58:35 Leather Archer Armor
58:30 Scale Barding Armor
58:58 Architecture
58:40 Fortified Wall
58:20 Guard Tower
59:39 Conscription
58:41 Shield Wall
59:58 Hoardings
59:30 Capped Ram
59:36 Capped Ram
60:31 Heavy Plow
61:32 Two-Man Saw
60:23 Gold Mining
60:27 Hussar
66:45 Ring Archer Armor
66:35 Chain Barding Armor
66:49 Ring Archer Armor
66:19 Sappers
66:36 Siege Ram
Connection lost

Rejoining the realm…

Still unreachable

The connection could not be restored.

Session expired

The server has moved on; the page needs a fresh start.